 Dungeon Crawl Stone Soup version 0.27.0-1-g7a089689b8 (webtiles) character file.

Game seed: 4703093908546577663

205 horus123 the Conjurer (level 5, -1/28 HPs)
             Began as a Deep Elf Conjurer on Aug 17, 2021.
             Slain by an ufetubus (2 damage)
             ... on level 4 of the Dungeon.
             The game lasted 00:05:51 (3116 turns).

horus123 the Conjurer (Deep Elf Conjurer)           Turns: 3116, Time: 00:05:52

Health: -1/28      AC:  3    Str:  4    XL:     5   Next: 53%
Magic:  11/13      EV: 12    Int: 24    God:
Gold:   158        SH:  0    Dex: 13    Spells: 2/12 levels left

rFire    . . .     SeeInvis .   q - +0 shortbow
rCold    + . .     Faith    .   (shield currently unavailable)
rNeg     . . .     Spirit   .   a - +0 robe
rPois    .         Reflect  .   (no helmet)
rElec    .         Harm     .   f - +0 cloak
rCorr    .         Rampage  .   (no gloves)
Will     .....                  (no boots)
Stlth    ++........             (no amulet)
HPRegen  0.09/turn              j - ring of protection from cold
MPRegen  0.13/turn              i - +4 ring of slaying

@: no status effects
A: no striking features
a: no special abilities


You were on level 4 of the Dungeon.
You visited 1 branch of the dungeon, and saw 4 of its levels.

You collected 158 gold pieces.

Inventory:

Hand Weapons
 b - a +3 quarterstaff of chaos
 k - a +0 rapier
 n - a +0 falchion
 o - a +0 mace
 q - a +0 shortbow (weapon)
Missiles
 g - a throwing net
 p - 4 arrows (quivered ammo)
Armour
 a - a +0 robe (worn)
 f - a +0 cloak (worn)
Jewellery
 i - a +4 ring of slaying (right hand)
 j - a ring of protection from cold (left hand)
Scrolls
 m - a scroll of fog
Potions
 c - 5 potions of flight
 d - a potion of magic {unknown}
 e - a potion of heal wounds {unknown}
 h - 2 potions of curing
 l - a potion of attraction {unknown}


   Skills:
 + Level 2.9 Dodging
 + Level 2.8 Stealth
 + Level 4.4 Spellcasting
 * Level 6.4 Conjurations
 * Level 1.6 Hexes


You had 2 spell levels left.
You knew the following spells:

 Your Spells              Type           Power      Damage    Failure   Level
a - Magic Dart            Conj           100%       1d8       1%          1
b - Searing Ray           Conj           72%        3d6       1%          2
c - Dazzling Flash        Conj/Hex       48%        N/A       5%          3
d - Fulminant Prism       Conj/Hex       12%        3d9       17%         4

Your spell library contained the following spells:

 Spells                   Type           Power      Damage    Failure   Level
 Iskenderun's Mystic Bla  Conj/Tloc      20%        2d6       24%         4


Dungeon Overview and Level Annotations

Branches:
Dungeon (4/15)
 Temple: D:4-7

Altars:
Fedhas


Message History

Press: ? - help, Q - select action, (/) - cycle Shift-Dir - straight line, f/p - ufetubus
Aim: an ufetubus (44% to hit)
You shoot an arrow. The arrow closely misses the ufetubus.
The ufetubus hits you.
* * * LOW HITPOINT WARNING * * *
The ufetubus barely misses you. x2; The ufetubus closely misses you.
Fire: 8 arrows
Press: ? - help, Q - select action, (/) - cycle Shift-Dir - straight line, f/p - ufetubus
Aim: an ufetubus (44% to hit)
You shoot an arrow. The arrow closely misses the ufetubus.
The ufetubus closely misses you. x2
The ufetubus hits you but does no damage. x2
Fire: 7 arrows
Press: ? - help, Q - select action, (/) - cycle Shift-Dir - straight line, f/p - ufetubus
Aim: an ufetubus (44% to hit)
You shoot an arrow.
The arrow completely misses the ufetubus.
The ufetubus barely misses you. The ufetubus hits you.
* * * LOW HITPOINT WARNING * * *
The ufetubus hits you.
* * * LOW HITPOINT WARNING * * *
The ufetubus hits you but does no damage.
Unknown command.
Fire: 6 arrows
Press: ? - help, Q - select action, (/) - cycle Shift-Dir - straight line, f/p - ufetubus
Aim: an ufetubus (44% to hit)
You shoot an arrow. The arrow barely misses the ufetubus.
The ufetubus barely misses you. The ufetubus closely misses you.
The ufetubus hits you but does no damage.
The ufetubus barely misses you.
Unknown command.
Fire: 5 arrows
Press: ? - help, Q - select action, (/) - cycle Shift-Dir - straight line, f/p - ufetubus
Aim: an ufetubus (44% to hit)
You shoot an arrow. The arrow closely misses the ufetubus.
You hear the slow rusting of a very distant drain.
You hear the slow hiss of an avalanche of sand very nearby.
The ufetubus hits you but does no damage.
The ufetubus hits you.
You die...

....^..#......... ..
........#........> ...
#. #....##<...#
...##.##....##....##+#
......................
......................
......................
............##...###..
..........@5###### .
............'.....
...##..†....##.... <
#.......# ...
...........# .
.............#
...............
.........#####..
...##....# ..


You could see an ufetubus.

Vanquished Creatures
  A centaur (D:4)
  Crazy Yiuf (D:2)
  3 adders
  2 worms
  A dart slug (D:1)
  2 orcs (D:3)
  2 endoplasms
  A giant cockroach (D:2)
  7 goblins
  6 hobgoblins
  6 jackals (D:2)
  5 quokkas
  A ball python (D:1)
  11 bats
  2 frilled lizards
  4 kobolds
  5 rats
60 creatures vanquished.

Notes
Turn   | Place    | Note
-------+----------+-------------------------------------------
     0 | D:1      | horus123 the Deep Elf Conjurer began the quest for the Orb.
     0 | D:1      | Reached XP level 1. HP: 10/10 MP: 6/6
   167 | D:1      | Reached XP level 2. HP: 15/15 MP: 2/8
   224 | D:1      | Learned a level 2 spell: Searing Ray
   489 | D:1      | Reached skill level 5 in Conjurations
  1197 | D:2      | Reached XP level 3. HP: 19/19 MP: 6/9
  1208 | D:2      | Learned a level 3 spell: Dazzling Flash
  1830 | D:2      | Found a runed translucent door.
  1831 | D:2      | Noticed Crazy Yiuf
  1838 | D:2      | Killed Crazy Yiuf
  1839 | D:2      | Reached XP level 4. HP: 24/24 MP: 5/11
  2492 | D:3      | Reached skill level 1 in Hexes
  2498 | D:3      | Learned a level 4 spell: Fulminant Prism
  2592 | D:3      | Reached skill level 6 in Conjurations
  2696 | D:3      | Found a blossoming altar of Fedhas.
  2811 | D:3      | Found a faded altar of an unknown god.
  3057 | D:4      | Noticed a centaur
  3066 | D:4      | Killed a centaur
  3067 | D:4      | Reached XP level 5. HP: 6/28 MP: 5/13
  3114 | D:4      | HP: 1/28 [ufetubus (2)]
  3116 | D:4      | Slain by an ufetubus

Illustrated notes

Levels and vault maps discovered:
D:1:      erik_arrival_cave_to_civilisation [erik_arrival_cave_to_hall],
          layout_basic, st_stairs_12
D:2:      layout_basic, chequers_serial_rivers_small_b, minmay_misc_feat_rugged,
          serial_bayou_pond_e, minivault_5, uniq_crazy_yiuf_cottage
D:3:      layout_basic, mainiacjoe_overflow_concentric_impassable,
          shapermc_ecumenical_altar_flowoftime, grunt_ministairs_4
D:4:      layout_gridville, enter_ossuary_2, portal_sewer_entry_e

Skill      XL: |  1  2  3  4 |
---------------+-------------+-----
Conjurations   | 5 6 |  6.4
Hexes          | 1 |  1.6
Spellcasting   | 4 |  4.4
Dodging        | |  2.9
Stealth        | |  2.8

Action                   |  1- 3 |  4- 6 || total
-------------------------+-------+-------++-------
 Fire: Shortbow          |       |     7 ||     7
 Cast: Magic Dart        |    64 |    40 ||   104
       Searing Ray       |     3 |     2 ||     5
  Use: Scroll            |     4 |     3 ||     7
Armor: Robe              |     1 |     7 ||     8
Dodge: Dodged            |     6 |    16 ||    22
